Map: Fields of Death

Players

Vegetarso

  • Race: Terran Terran
  • Spawn Location: 12:00

BLOODSOURCE

  • Race: Protoss Protoss
  • Spawn Location: 12:00

MattBarry - Winner!

  • Race: Terran Terran
  • Spawn Location: 7:00

MattBarry - Winner!

  • Race: Zerg Zerg
  • Spawn Location: 6:00

VOD

Have the link to the VOD?

Description

Time

  • Played on: Jan. 3, 2023, 2:36 a.m.
  • Length: 17:49
Show
View Real Time Build Order
Export as new Build Order

Vegetarso Terran 

Build Orders:  

Get SALT Encoding   

  12  0:00  SCV  
  13  0:12  SCV  
  14  0:19  Supply Depot  
  14  0:24  SCV  
  15  0:41  SCV  
  16  0:43  Barracks  
  16  0:53  SCV  
  16  0:54  Refinery  
  17  1:05  SCV  
  17  1:07  Supply Depot  
  18  1:17  SCV  
  19  1:31  Marine  
  20  1:36  Barracks  
  20  1:49  Barracks, Marine, Orbital Command  
  21  2:07  Marine  
  22  2:15  SCV  
  23  2:30  SCV  
  23  2:32  Command Center  
  23  2:35  Marine x2  
  26  2:42  SCV  
  27  2:46  Barracks Tech Lab  
  27  2:49  Factory  
  27  2:54  SCV  
  27  2:57  Refinery  
  28  3:06  SCV  
  29  3:35  Marine  
  29  3:36  Marine  
  31  3:42  Supply Depot  
  31  3:44  Marine  
  31  3:45  Supply Depot  
  32  3:49  Starport  
  32  3:50  Factory Reactor  
  32  3:52  Stimpack  
  32  3:53  Marine  
  32  3:55  Marine  
  34  4:02  Marine  
  35  4:05  SCV  
  36  4:11  Orbital Command, Marine  
  37  4:17  SCV  
  37  4:23  Command Center  
  38  4:35  Marine  
  38  4:36  Marine x2  
  41  4:38  Medivac  
  41  4:45  SCV  
  44  4:52  Refinery  
  44  4:53  Marine  
  44  4:56  SCV  
  44  4:57  SCV  
  47  5:03  Medivac  
  49  5:08  SCV, Medivac  
  49  5:09  SCV  
  54  5:21  SCV  
  54  5:24  Engineering Bay x2  
  54  5:28  Supply Depot  
  54  5:32  Supply Depot, Combat Shield  
  54  5:45  Refinery  
  54  5:49  Medivac x2  
  58  5:51  Orbital Command  
  58  5:59  Missile Turret  
  58  6:02  Missile Turret  
  58  6:19  Supply Depot, Medivac x2  
  58  6:23  Barracks  
  62  6:28  Barracks  
  62  6:49  Barracks Tech Lab  
  62  6:50  Orbital Command  
  62  6:51  Barracks Reactor  
  62  6:55  Missile Turret, SCV  
  62  6:58  Sensor Tower x2  
  63  7:07  SCV  
  64  7:09  Marauder x2  
  64  7:12  Marine  
  69  7:19  SCV  
  70  7:29  Marine  
  70  7:30  Marauder x2  
  70  7:31  SCV  
  76  7:37  Marine x3  
  79  7:47  Marine  
  80  7:51  Marine x2  
  80  7:55  Marine x2  
  73  7:59  Marine  
  73  8:05  Marine  
  74  8:09  Marine x2  
  74  8:12  Marine  
  77  8:13  Marine  
  77  8:17  Marine  
  80  8:23  Marine  
  81  8:27  Marine x2  
  81  8:30  Marine  
  81  8:31  Marine, SCV  
  86  8:35  Marine  
  86  8:41  Marine  
  86  8:45  Marine x2  
  86  8:48  Marine x2  
  84  8:53  Marine  
  82  8:58  Marine  
  82  9:02  Marine  
  79  9:03  Marine  
  79  9:06  Marine x2  
  83  9:11  Marine  
  81  9:20  Marine x2  
  83  9:28  Marine  
  83  9:30  Marine  
  83  9:31  Marine x2  
  86  9:38  Marine x2  
  71  9:46  Marine  
  71  9:48  Marine x3  
  75  9:56  Marine x2  
  67  10:02  Medivac x2  
  67  10:04  Widow Mine, Marine  
  67  10:06  Marine x3  
  77  10:14  Marine x2  
  79  10:21  Barracks  
  79  10:22  Marine  
  79  10:23  Marine  
  79  10:24  Barracks, Marine x2  
  79  10:25  Widow Mine  
  85  10:29  Command Center  
  85  10:31  Marine  
  85  10:32  Marine, Medivac x2  
  91  10:40  Marine  
  91  10:41  Marine  
  93  10:59  Widow Mine, Marine x6  
  93  11:03  Supply Depot  
  101  11:05  Supply Depot x2  
  101  11:07  Supply Depot, Terran Infantry Armor Level 1, Terran Infantry Weapons Level 1  
  99  11:16  Marine x2  
  101  11:24  Marine x4, Factory Tech Lab  
  105  11:30  Supply Depot, Barracks  
  105  11:33  Barracks  
  105  11:34  Barracks, Marine  
  105  11:35  Marauder  
  104  11:42  Marine x3, Marauder  
  107  11:52  Marine, Medivac x2  
  112  11:56  Marine  
  112  12:00  Marine x3  
  116  12:03  Marine  
  117  12:10  Barracks Tech Lab, Marine  
  117  12:13  Marine  
  119  12:16  Hellion  
  119  12:18  Barracks Tech Lab, Marine x3, Infernal Pre-Igniter  
  119  12:21  Marine  
  119  12:22  Medivac  
  127  12:28  Marine  
  128  12:31  Orbital Command, Marine  
  128  12:34  SCV  
  128  12:35  Marine x3  
  133  12:38  Hellion  
  133  12:39  Marine  
  136  12:46  SCV  
  136  12:49  Barracks Tech Lab  
  137  12:52  Barracks Tech Lab, Marauder x3  
  137  12:57  Marauder  
  145  12:58  SCV  
  145  12:59  Hellion  
  148  13:06  Supply Depot  
  148  13:10  Supply Depot  
  148  13:13  Marauder  
  150  13:21  Hellion  
  152  13:42  Hellion  
  152  13:46  Marine x2, Marauder  
  152  13:47  Marauder x2  
  162  14:02  Marauder x3  
  168  14:03  Marine  
  168  14:04  Marine  
  168  14:08  Marauder  
  172  14:21  Refinery  
  172  14:22  Refinery  
  172  14:35  SCV  
  172  14:36  Marauder x3  
  179  14:39  Supply Depot  
  179  14:43  Marauder  
  179  14:44  Supply Depot  
  179  14:45  Marauder  
  179  14:47  SCV, Marauder  
  174  14:57  Marauder  
  127  15:02  Marine  
  127  15:03  Marine x7, Command Center  
  127  15:05  Supply Depot, Marine  
  101  15:07  Marine  
  84  15:18  Marine  
  84  15:20  Marine x3  
  84  15:21  Marine x5  
  90  15:23  Marine  
  90  15:25  Marine  
  93  15:36  Marine  
  93  15:38  Marine x6  
  93  15:39  Marine x2  
  93  15:41  Marine  
  103  15:43  Marine  
  104  15:53  Marine  
  104  15:55  Marine  
  104  15:56  Marine  
  86  16:06  Marine x4, Marauder x3  
  86  16:07  Marine  
  97  16:11  Marine  
  97  16:13  Marine  
  97  16:14  Marine  
  100  16:24  Marine x3  
  103  16:36  Marine x4  
Show
View Real Time Build Order
Export as new Build Order

BLOODSOURCE Protoss 

Build Orders:  

Get SALT Encoding   

  12  0:01  Probe (Chrono Boost)  
  13  0:13  Probe (Chrono Boost)  
  14  0:18  Pylon  
  14  0:21  Probe (Chrono Boost)  
  15  0:36  Probe  
  15  0:40  Gateway  
  16  0:48  Probe  
  17  1:00  Probe  
  17  1:01  Pylon  
  18  1:05  Gateway  
  18  1:12  Assimilator  
  18  1:31  Probe  
  19  1:39  Cybernetics Core  
  19  1:51  Nexus  
  19  1:53  Zealot  
  21  1:59  Zealot  
  22  2:13  Probe  
  23  2:18  Assimilator  
  23  2:28  Probe  
  24  2:31  Assimilator  
  24  2:33  Pylon  
  23  3:09  Probe (Chrono Boost)  
  23  3:10  Cybernetics Core, Probe (Chrono Boost)  
  25  3:14  Forge  
  24  3:31  Probe x2 (Chrono Boost)  
  26  3:51  Stargate  
  26  3:52  Stargate  
  26  3:54  Pylon  
  26  3:59  Photon Cannon  
  26  4:02  Probe x2  
  28  4:09  Assimilator  
  28  4:14  Photon Cannon, Pylon, Probe x2  
  30  4:17  Shield Battery  
  30  4:26  Probe  
  30  4:27  Probe  
  32  4:35  Phoenix  
  32  4:37  Protoss Air Weapons Level 1 (Chrono Boost)  
  34  4:45  Phoenix  
  36  4:50  Probe x2 (Chrono Boost)  
  38  5:02  Probe (Chrono Boost)  
  39  5:10  Probe (Chrono Boost)  
  40  5:32  Phoenix  
  40  5:34  Phoenix  
  48  6:04  Void Ray (Chrono Boost)  
  48  6:17  Nexus  
  48  6:27  Pylon  
  48  6:38  Void Ray (Chrono Boost)  
  52  6:43  Void Ray (Chrono Boost)  
  56  6:50  Photon Cannon  
  56  6:51  Probe x2  
  58  7:03  Probe x2  
  60  7:15  Probe  
  60  7:16  Probe  
  62  7:25  Stalker x2  
  62  7:28  Probe x2  
  62  7:29  Void Ray x2  
  76  7:39  Probe  
  76  7:40  Probe  
  76  7:41  Protoss Shields Level 1 (Chrono Boost)  
  77  7:47  Probe  
  78  7:55  Zealot x2  
  78  7:57  Probe  
  69  8:21  Void Ray (Chrono Boost), Probe  
  69  8:26  Zealot x2, Void Ray (Chrono Boost)  
  78  8:27  Assimilator  
  78  8:30  Assimilator  
  78  8:34  Probe  
  59  8:56  Stalker (Chrono Boost)  
  59  8:57  Stalker (Chrono Boost)  
  59  9:01  Void Ray (Chrono Boost)  
  65  9:37  Void Ray x2  
  71  10:03  Zealot x2 (Chrono Boost)  
  71  10:06  Probe (Chrono Boost)  
  76  10:17  Probe (Chrono Boost)  
  76  10:19  Void Ray (Chrono Boost)  
  81  10:25  Probe (Chrono Boost)  
  81  10:27  Stalker x2 (Chrono Boost)  
  82  10:34  Void Ray (Chrono Boost), Probe (Chrono Boost)  
  91  10:40  Pylon  
  91  10:50  Nexus  
  91  10:53  Pylon  
  91  10:54  Photon Cannon  
  91  11:00  Nexus  
  91  11:01  Pylon  
  95  11:04  Void Ray, Assimilator  
  95  11:06  Assimilator  
  95  11:09  Stalker  
  95  11:10  Stalker  
  99  11:18  Void Ray  
  103  11:20  Shield Battery  
  103  11:21  Photon Cannon  
  103  11:22  Photon Cannon  
  103  11:24  Pylon  
  103  11:43  Stalker x2  
  111  11:47  Void Ray  
  111  11:58  Shield Battery  
  111  11:59  Photon Cannon  
  111  12:01  Void Ray  
  115  12:04  Probe (Chrono Boost)  
  116  12:14  Probe (Chrono Boost)  
  116  12:15  Probe x2 (Chrono Boost)  
  121  12:23  Probe (Chrono Boost)  
  121  12:24  Probe (Chrono Boost)  
  121  12:27  Probe (Chrono Boost)  
  121  12:29  Fleet Beacon  
  126  12:30  Void Ray (Chrono Boost)  
  126  12:33  Shield Battery  
  126  12:35  Pylon  
  126  12:37  Photon Cannon  
  127  12:44  Probe (Chrono Boost)  
  127  12:54  Probe (Chrono Boost)  
  127  12:57  Stalker x2  
  132  12:59  Protoss Air Armor Level 1 (Chrono Boost)  
  132  13:00  Protoss Ground Weapons Level 1 (Chrono Boost)  
  136  13:15  Void Ray (Chrono Boost)  
  136  13:19  Void Ray (Chrono Boost)  
  130  13:36  Stargate  
  130  13:39  Stargate  
  130  13:42  Pylon  
  130  13:44  Stargate  
  131  13:50  Probe (Chrono Boost)  
  131  13:52  Probe (Chrono Boost)  
  131  13:54  Probe (Chrono Boost)  
  133  14:02  Probe (Chrono Boost)  
  133  14:05  Zealot x2, Probe (Chrono Boost)  
  137  14:17  Twilight Council  
  137  14:19  Photon Cannon  
  137  14:32  Pylon  
  137  14:33  Nexus  
  137  14:43  Assimilator, Nexus  
  137  14:48  Assimilator  
  137  14:50  Tempest  
  137  14:51  Tempest x4  
  142  15:06  Zealot x2 (Chrono Boost)  
  83  15:29  Stalker x2 (Chrono Boost)  
  83  15:31  Gateway x2  
  83  15:34  Photon Cannon  
  83  15:35  Shield Battery  
  94  15:39  Void Ray  
  94  15:40  Void Ray  
  87  15:47  Templar Archives  
  87  15:50  Pylon  
  87  16:09  Probe (Chrono Boost)  
  88  16:18  Psionic Storm, Probe (Chrono Boost)  
  89  16:19  Pylon  
  89  16:20  Photon Cannon  
  89  16:22  Photon Cannon  
  91  16:25  High Templar  
  91  16:26  High Templar x3  
Show
View Real Time Build Order
Export as new Build Order

MattBarry Terran - Winner!

Build Orders:  

Get SALT Encoding   

  12  0:00  SCV  
  13  0:13  SCV  
  14  0:18  Supply Depot  
  14  0:25  SCV  
  15  0:40  SCV  
  15  0:41  Barracks  
  16  0:46  Refinery  
  16  0:52  SCV  
  17  1:05  SCV  
  18  1:17  SCV  
  19  1:29  Orbital Command  
  19  1:30  Marine  
  20  1:42  Supply Depot  
  20  1:48  Reaper  
  21  1:59  SCV  
  22  2:11  SCV  
  23  2:18  Command Center  
  23  2:20  Barracks Tech Lab  
  23  2:23  Factory  
  23  2:27  SCV  
  24  2:31  Refinery  
  24  2:39  SCV  
  25  2:47  Marine  
  25  2:51  SCV  
  28  3:20  SCV  
  28  3:25  Barracks  
  28  3:27  Barracks  
  28  3:32  SCV  
  29  3:37  Starport  
  28  3:43  Orbital Command  
  28  4:02  SCV  
  29  4:16  Barracks Tech Lab, Barracks Reactor  
  29  4:17  Barracks Reactor  
  29  4:20  Starport Reactor  
  29  4:22  Siege Tank  
  32  4:24  SCV x2  
  34  4:32  Supply Depot  
  34  4:36  SCV x2  
  36  4:40  Stimpack  
  36  4:41  Engineering Bay  
  36  4:42  Marine, Engineering Bay  
  37  4:48  SCV x2  
  37  4:51  Supply Depot  
  39  4:53  Marine x2  
  39  4:54  Marine x2  
  39  4:58  Medivac  
  45  5:00  SCV x2  
  45  5:02  Medivac  
  45  5:05  Refinery  
  49  5:07  Refinery  
  49  5:13  SCV x2  
  51  5:16  Marine x4  
  51  5:19  Marine  
  56  5:23  Supply Depot  
  56  5:25  Supply Depot, SCV x2  
  58  5:37  SCV x2  
  58  5:41  Missile Turret  
  60  5:43  Medivac  
  60  5:45  Medivac  
  60  5:48  Marine x3  
  60  5:49  Supply Depot, Marine x2  
  69  5:51  Terran Infantry Weapons Level 1  
  69  5:56  Supply Depot  
  69  5:59  Missile Turret  
  69  6:03  Siege Tank  
  72  6:07  Marine x3  
  72  6:08  Marine x2  
  72  6:10  SCV x2  
  79  6:14  Supply Depot  
  79  6:22  SCV x2  
  79  6:24  Combat Shield  
  81  6:26  Terran Infantry Armor Level 1  
  81  6:29  Marine  
  81  6:30  Marine x4  
  86  6:34  SCV  
  86  6:35  SCV  
  88  6:45  Supply Depot  
  88  6:46  SCV  
  88  6:47  Marine x3, SCV  
  90  6:48  Marine x2  
  95  6:59  Medivac x2  
  99  7:13  Command Center  
  99  7:18  SCV x2  
  99  7:22  Siege Tank  
  104  7:38  Marine x4, SCV x2  
  104  7:39  Marine  
  104  7:43  Supply Depot  
  91  8:05  Marine  
  91  8:06  Marine x4  
  91  8:10  Medivac x2, Siege Tank  
  103  8:15  Armory  
  103  8:21  Barracks, SCV x2  
  103  8:23  Barracks, Marine x2  
  103  8:24  Marine x3  
  110  8:47  Marine  
  110  8:48  Marine x3  
  110  8:50  Marine  
  103  9:05  Marine  
  103  9:06  Marine x2  
  103  9:07  Marine  
  103  9:08  Terran Infantry Weapons Level 2  
  103  9:09  Terran Infantry Armor Level 2  
  103  9:14  Barracks Reactor  
  77  9:32  Orbital Command  
  77  9:34  Command Center  
  64  9:46  Marine x2  
  64  9:47  Marauder  
  64  9:48  Concussive Shells  
  68  9:53  Barracks Reactor  
  68  9:56  Starport Reactor  
  67  10:01  Factory  
  67  10:04  Marine x2  
  69  10:08  Marine  
  70  10:19  SCV  
  70  10:20  SCV x2  
  73  10:21  Marine  
  73  10:22  Marine  
  75  10:29  Marine x2  
  75  10:30  Marauder  
  75  10:32  SCV x3  
  82  10:41  Refinery  
  82  10:43  Refinery  
  82  10:44  SCV x3  
  85  10:50  Marine x4  
  85  10:52  Marauder  
  85  10:54  Factory Tech Lab  
  85  10:55  Medivac x2  
  95  10:59  Barracks  
  95  11:05  Barracks  
  95  11:08  Marine x4  
  95  11:09  Marine x2  
  101  11:13  Marauder  
  103  11:22  Orbital Command  
  103  11:26  Marine x4  
  103  11:27  Marine x2  
  109  11:33  Siege Tank  
  109  11:34  Marauder  
  114  11:44  Barracks  
  114  11:46  Barracks  
  114  11:47  Barracks  
  114  11:51  Marine x5  
  114  11:52  Marine  
  114  11:53  Barracks Tech Lab x2  
  120  11:56  Marauder  
  120  11:58  Orbital Command  
  120  12:00  Viking  
  120  12:01  Viking  
  126  12:05  Siege Tank  
  129  12:12  Marauder x2  
  129  12:13  Marine x4  
  129  12:14  Marine x2  
  139  12:26  Supply Depot x2  
  139  12:27  Supply Depot  
  139  12:31  Barracks Tech Lab  
  139  12:33  Barracks Reactor  
  139  12:34  Barracks Reactor  
  139  12:41  SCV x3  
  139  12:43  Missile Turret x2, SCV  
  143  12:44  Missile Turret  
  143  12:53  SCV x3  
  143  12:55  SCV  
  143  12:57  Marine  
  143  12:58  Marine x5  
  152  12:59  Marauder x3  
  152  13:00  Marauder  
  152  13:02  Siege Tank  
  164  13:10  Marine x3  
  164  13:11  Marine  
  168  13:18  Viking x2  
  172  13:21  Marauder x4  
  172  13:25  Terran Infantry Weapons Level 3  
  172  13:26  Terran Infantry Armor Level 3  
  180  13:30  Refinery  
  180  13:32  Refinery  
  180  13:34  Siege Tank  
  180  13:36  Starport  
  180  13:37  Starport  
  180  13:39  Starport  
  180  13:41  Marine x6  
  189  13:59  Marine x4  
  189  14:00  Marine x3  
  196  14:07  Marine x2, Marauder  
  200  14:58  Marine  
  200  15:00  Marauder  
  200  15:01  Marauder  
  169  15:07  Marine x5  
  169  15:08  Marine x5  
  169  15:09  Marauder  
  177  15:21  Marauder  
  177  15:23  Marine x2  
  177  15:25  Marine x3  
  177  15:27  Marauder  
  184  15:31  Marauder  
  185  15:40  Marine x5  
  185  15:41  Marine, Marauder  
  195  15:43  Marauder  
  195  15:48  Marauder  
  197  15:52  Marauder  
  166  17:02  Marine x3  
  166  17:03  Marine x5  
  166  17:04  Marine x2  
  166  17:05  Marauder x2  
Show
View Real Time Build Order
Export as new Build Order

MattBarry Zerg - Winner!

Build Orders: Hatch First 

Get SALT Encoding   

  12  0:00  Drone  
  13  0:12  Overlord  
  13  0:18  Drone  
  14  0:31  Drone  
  14  0:32  Drone  
  16  0:57  Hatchery  
  16  1:00  Drone  
  16  1:16  Spawning Pool  
  16  1:18  Drone  
  16  1:24  Drone  
  17  1:25  Drone  
  17  1:32  Drone  
  19  1:46  Extractor  
  18  1:50  Extractor  
  17  1:59  Drone  
  17  2:01  Drone  
  19  2:03  Queen  
  21  2:10  Drone  
  22  2:18  Drone  
  22  2:20  Queen  
  22  2:22  Drone x2  
  27  2:34  Drone  
  27  2:35  Overlord  
  28  2:54  Metabolic Boost  
  28  2:55  Roach Warren, Zergling x4  
  28  2:56  Zergling x2  
  30  3:05  Drone x2  
  30  3:06  Drone  
  33  3:23  Drone  
  34  3:28  Lair  
  34  3:36  Drone x2  
  34  3:37  Overlord x2  
  36  3:43  Overlord  
  36  3:58  Hatchery  
  36  4:01  Drone  
  36  4:02  Drone x3  
  39  4:07  Drone  
  39  4:08  Drone  
  39  4:09  Drone  
  42  4:13  Drone  
  42  4:14  Drone  
  44  4:20  Spore Crawler  
  44  4:23  Spore Crawler  
  42  4:28  Drone  
  42  4:30  Drone  
  42  4:31  Spine Crawler  
  43  4:37  Evolution Chamber  
  42  4:40  Evolution Chamber  
  41  4:51  Drone x2, Overlord  
  43  4:53  Overlord  
  43  4:54  Roach x2  
  47  5:05  Queen  
  49  5:11  Queen  
  49  5:13  Glial Reconstitution  
  51  5:16  Roach x2  
  55  5:25  Hydralisk Den  
  54  5:32  Infestation Pit  
  54  5:33  Drone x2  
  54  5:34  Drone, Overlord  
  56  5:46  Drone x2  
  56  5:47  Roach x2, Drone x2  
  56  5:48  Roach  
  66  6:02  Hydralisk x3, Muscular Augments  
  72  6:07  Spore Crawler  
  71  6:12  Spore Crawler  
  70  6:19  Zerg Missile Weapons Level 1  
  70  6:20  Zerg Ground Armor Level 1  
  70  6:24  Drone x4  
  74  6:30  Queen  
  76  6:53  Extractor  
  75  6:55  Extractor  
  74  7:14  Grooved Spines  
  74  7:25  Overlord  
  74  7:26  Overlord  
  74  7:27  Zergling x2  
  74  7:28  Zergling x14  
  74  7:29  Overlord x2  
  82  7:45  Ravager x3  
  82  7:46  Ravager x3  
  87  8:18  Drone x4  
  91  8:28  Hatchery  
  91  8:29  Zerg Missile Weapons Level 2  
  91  8:32  Hatchery  
  91  8:33  Roach x2  
  91  8:34  Roach x5  
  79  9:19  Zergling x2  
  79  9:20  Zergling x6  
  105  9:24  Zergling x44  
  105  9:25  Swarm Host  
  105  9:26  Hydralisk  
  99  9:58  Queen  
  99  9:59  Queen  
  103  10:06  Hydralisk x2  
  107  10:07  Hydralisk  
  109  10:22  Drone x3  
  112  10:31  Queen  
  112  10:34  Queen x2  
  118  10:45  Overlord x2  
  118  10:55  Overlord x3  
  118  11:15  Overseer  
  118  11:17  Pneumatized Carapace  
  93  11:51  Hydralisk, Roach x3  
  93  11:52  Hydralisk x19, Roach x2  
  140  12:03  Hive  
  140  12:06  Baneling Nest  
  139  12:14  Drone  
  139  12:15  Drone x9  
  149  12:42  Overlord x3  
  143  13:28  Zergling x2  
  143  13:29  Zergling x24  
  143  13:30  Zergling x4  
  143  13:32  Adrenal Glands  
  157  13:34  Zerg Melee Weapons Level 1  
  157  13:35  Zerg Ground Armor Level 2  
  157  13:38  Hydralisk x2  
  157  13:39  Hydralisk x5  
  169  14:01  Roach  
  169  14:02  Roach, Overlord x2  
  172  14:03  Overlord  
  172  14:16  Spire  
  171  14:25  Ultralisk Cavern  
  171  14:28  Baneling  
  171  14:29  Baneling x14  
  171  14:30  Baneling  
  170  14:49  Centrifugal Hooks  
  164  14:58  Zergling x26  
  164  14:59  Hydralisk, Zergling x20  
  129  15:00  Hydralisk x6  
  118  15:15  Hydralisk x2  
  118  15:16  Hydralisk x6  
  128  15:44  Hydralisk x4  
  128  15:45  Hydralisk  
  128  15:47  Corruptor  
  140  15:53  Extractor  
  140  15:54  Extractor  
  138  16:11  Extractor  
  137  16:12  Extractor  
  136  16:18  Greater Spire  
  136  16:26  Roach x9  
Tags
 
Add a new tag
Caveats
  • Supply blocks, unpowered buildings, or Contaminate may cause inaccurate times.
  • Supply counts are checked every 10 seconds.